Map: Bel'Shir Vestige LE (Void)

Players

BuRning - Winner!

  • Race: Terran Terran
  • League: Grandmaster
  • Spawn Location: 5:00

Railgan

  • Race: Zerg Zerg
  • League: Grandmaster
  • Spawn Location: 11:00

VOD

Have the link to the VOD?

Description

Time

  • Played on: March 23, 2017, 5:41 p.m.
  • Length: 12:32
Show
View Real Time Build Order
Export as new Build Order

BuRning Terran - Winner!

Build Orders: Cyclone Opening, Reaper Expand, MMM Bio 

Get SALT Encoding   

  12  0:00  SCV  
  13  0:12  SCV  
  14  0:17  Supply Depot  
  14  0:25  SCV  
  15  0:28  Refinery  
  15  0:39  SCV  
  16  0:44  Barracks  
  16  0:51  SCV  
  17  1:03  SCV  
  18  1:15  SCV  
  19  1:31  Reaper, Orbital Command  
  20  1:43  Command Center  
  20  1:53  Factory  
  20  1:57  SCV  
  21  2:07  Barracks Reactor  
  21  2:10  SCV  
  22  2:16  Supply Depot  
  22  2:18  Refinery  
  22  2:23  SCV  
  23  2:36  Bunker  
  23  2:37  SCV  
  23  2:43  Cyclone, Marine x2  
  29  2:49  SCV  
  30  2:55  Orbital Command  
  30  3:02  SCV  
  32  3:09  Starport  
  32  3:11  Marine  
  32  3:14  SCV  
  33  3:22  SCV  
  33  3:26  SCV  
  35  3:29  Cyclone, Marine  
  39  3:34  SCV  
  39  3:37  Supply Depot  
  39  3:38  SCV  
  41  3:46  SCV  
  41  3:47  Medivac  
  44  3:50  Marine, SCV  
  46  3:58  Marine  
  46  3:59  SCV  
  46  4:00  Supply Depot  
  48  4:03  SCV  
  48  4:06  Factory Tech Lab  
  49  4:11  SCV  
  49  4:13  Marine, Liberator  
  49  4:15  SCV  
  49  4:16  Marine  
  53  4:23  SCV  
  54  4:27  SCV, Command Center  
  57  4:35  SCV  
  57  4:37  Supply Depot  
  58  4:39  SCV  
  58  4:42  Factory Reactor  
  58  4:43  Barracks  
  58  4:45  Marine  
  60  4:47  Barracks  
  60  4:48  SCV  
  60  4:49  Stimpack  
  60  4:51  SCV  
  62  4:57  Engineering Bay  
  62  4:59  Engineering Bay  
  62  5:04  SCV  
  62  5:06  SCV  
  60  5:16  SCV  
  60  5:17  Refinery  
  60  5:18  Starport Reactor, Refinery, SCV  
  60  5:19  Marine  
  60  5:21  Supply Depot  
  60  5:26  Supply Depot, Terran Infantry Weapons Level 1  
  59  5:28  SCV  
  59  5:31  Factory Reactor  
  59  5:32  Marine x2  
  56  5:37  Terran Infantry Armor Level 1  
  56  5:39  Marine  
  56  5:40  Barracks, SCV  
  56  5:41  Barracks  
  58  5:45  Orbital Command  
  58  5:47  SCV  
  59  5:52  Marine x3  
  59  5:55  Missile Turret  
  62  5:58  Missile Turret  
  62  6:00  Marine  
  62  6:02  SCV  
  62  6:03  Missile Turret, SCV  
  62  6:05  Marine  
  63  6:11  Marine  
  63  6:12  Marine  
  63  6:13  Hellion x2  
  63  6:14  SCV  
  70  6:18  Marine x2  
  70  6:20  Orbital Command  
  70  6:22  SCV  
  70  6:23  Marine  
  74  6:26  Supply Depot  
  74  6:29  Marine x2  
  74  6:31  Marine x2  
  72  6:34  Medivac  
  72  6:36  Marine x2  
  68  6:41  Marine  
  68  6:42  Widow Mine  
  68  6:43  Widow Mine  
  68  6:46  Marine  
  68  6:47  Marine, SCV  
  69  6:49  Marine x2  
  69  6:51  Combat Shields  
  69  6:54  Marine x2  
  71  6:58  Marine  
  71  7:00  SCV  
  74  7:07  Marine, Barracks Reactor  
  74  7:08  Barracks Reactor  
  75  7:12  Armory, SCV  
  75  7:15  Marine x3  
  78  7:16  SCV  
  78  7:17  SCV  
  78  7:22  Missile Turret  
  80  7:23  Marine, Widow Mine x2  
  80  7:24  SCV  
  80  7:25  Marine  
  80  7:29  SCV x2  
  88  7:31  Supply Depot  
  88  7:32  Marine  
  88  7:33  Marine  
  88  7:35  Armory  
  88  7:36  SCV  
  91  7:38  Marine  
  91  7:39  Medivac x2  
  91  7:41  Marine, SCV  
  91  7:43  SCV  
  99  7:44  Marine  
  99  7:45  Bunker, Marine  
  99  7:48  SCV  
  102  7:53  Supply Depot, SCV  
  102  7:56  SCV  
  102  7:57  Marine  
  102  7:58  Marine x3  
  105  7:59  Widow Mine x2, Supply Depot  
  105  8:00  SCV  
  105  8:05  SCV  
  112  8:10  Supply Depot  
  109  8:16  Marine x3  
  94  8:20  Marine x4  
  94  8:21  Medivac x2  
  94  8:26  Barracks  
  100  8:27  Terran Infantry Armor Level 2  
  100  8:32  Terran Infantry Weapons Level 2  
  100  8:33  Marine  
  100  8:34  Marine x2  
  102  8:35  Barracks x2  
  102  8:36  Widow Mine x2  
  107  8:46  Marine  
  107  8:47  Marine x4  
  112  8:48  Concussive Shells  
  112  8:50  Supply Depot  
  112  8:52  Terran Vehicle And Ship Armor Level 1, Marauder  
  112  8:54  Marine x3  
  117  9:01  Supply Depot  
  117  9:04  Marine  
  117  9:05  Marine x3  
  117  9:06  Widow Mine x2  
  117  9:07  Medivac x2  
  129  9:10  Supply Depot  
  129  9:11  Marine  
  129  9:12  Marine  
  129  9:15  Barracks Reactor  
  131  9:17  Marine x2  
  131  9:19  Marauder  
  131  9:25  Liberator  
  131  9:26  Liberator  
  131  9:28  Marine x2  
  131  9:30  Marine x3  
  131  9:31  Marine  
  118  9:34  Barracks Reactor, Barracks Tech Lab  
  118  9:36  Marine x2, Widow Mine  
  118  9:37  Widow Mine  
  124  9:40  Marine  
  124  9:41  Factory  
  131  9:46  Marine x2  
  131  9:48  Marine x4  
  131  9:50  Refinery  
  137  9:54  Marine x2, Marauder  
  137  9:55  Marine  
  137  9:56  Marine  
  137  9:58  Marine  
  144  10:04  Marine x2  
  144  10:06  Marine x4  
  149  10:10  Marine  
  149  10:11  Marine  
  149  10:12  Marine  
  150  10:15  Marine  
  150  10:16  Marauder x2  
  150  10:19  Marine x2  
  139  10:22  Marine x2  
  139  10:24  Marine x4  
  141  10:36  Marine  
  141  10:41  Missile Turret  
  141  10:44  Supply Depot x2  
  141  10:45  Marine  
  141  10:46  Marine, Widow Mine, Marauder, Supply Depot  
  141  10:48  Factory Tech Lab  
  141  11:03  Marine  
  141  11:04  Marine x2, Marauder  
  141  11:05  Marine x4  
  141  11:07  Liberator  
  141  11:08  Marine x2  
  141  11:10  Marine x4  
  142  11:13  Thor  
  144  11:21  Marine  
  144  11:22  Marine x2, Widow Mine x2  
  144  11:23  Marine x4  
  158  11:26  Marauder  
  160  11:33  Marine x3  
  160  11:36  Marine  
  160  11:37  Marine  
  165  11:40  Supply Depot  
  165  11:41  Supply Depot  
  165  11:43  Marine x3, Marauder  
  170  11:47  Marauder  
  170  11:50  Marine, Supply Depot  
  173  12:02  Marine x6, Widow Mine  
  173  12:05  Marauder  
  172  12:09  Marine x2, Marauder  
  172  12:13  Marine x2  
Show
View Real Time Build Order
Export as new Build Order

Railgan Zerg 

Build Orders: Pool First, Muta Ling Bane 

Get SALT Encoding   

  12  0:01  Drone  
  13  0:12  Overlord  
  13  0:17  Drone  
  14  0:30  Drone x2  
  14  0:35  Drone  
  17  0:46  Spawning Pool  
  17  0:47  Drone  
  17  0:56  Drone  
  18  1:12  Extractor, Hatchery  
  18  1:16  Drone  
  17  1:18  Drone  
  18  1:33  Zergling x2, Queen  
  18  1:38  Drone  
  22  1:49  Overlord  
  22  2:07  Drone  
  23  2:09  Queen  
  23  2:13  Drone  
  26  2:23  Metabolic Boost  
  26  2:24  Queen  
  26  2:25  Overlord  
  26  2:26  Zergling x2  
  29  2:33  Drone  
  30  2:39  Drone  
  32  2:44  Drone x3  
  32  2:47  Drone  
  32  2:48  Drone  
  36  2:55  Lair  
  36  2:57  Overlord  
  36  2:59  Drone  
  37  3:09  Drone x2  
  39  3:20  Extractor  
  39  3:21  Drone x5  
  39  3:22  Extractor  
  42  3:32  Drone x2  
  44  3:37  Overlord  
  44  3:38  Drone x2  
  46  3:46  Drone  
  46  3:47  Drone  
  47  3:52  Drone x2  
  49  3:58  Drone  
  49  3:59  Drone x2  
  49  4:02  Extractor  
  51  4:04  Drone  
  51  4:06  Spire  
  51  4:15  Drone  
  51  4:16  Zergling x6  
  55  4:21  Overseer  
  55  4:26  Zergling x4  
  55  4:31  Overlord x2  
  56  4:32  Zergling x2  
  57  4:46  Hatchery, Zergling x2  
  57  4:47  Zergling x4  
  59  4:55  Zergling x8  
  59  4:57  Queen x2  
  67  5:04  Zergling x2  
  67  5:07  Zergling x6  
  60  5:14  Zergling x4  
  60  5:16  Zergling x2  
  60  5:17  Zergling x4  
  61  5:23  Zergling x2  
  57  5:30  Mutalisk x4  
  62  5:43  Mutalisk x2  
  62  5:49  Evolution Chamber x2, Mutalisk x2  
  66  5:50  Baneling Nest  
  66  5:55  Queen  
  69  5:58  Drone x2  
  70  6:05  Queen  
  70  6:06  Drone  
  70  6:09  Drone x4  
  77  6:12  Drone x4  
  77  6:17  Zerg Melee Weapons Level 1  
  81  6:19  Zerg Flyer Weapons Level 1  
  78  6:38  Drone  
  78  6:39  Drone x4  
  80  6:45  Drone x3  
  80  6:46  Zerg Ground Armor Level 1, Centrifical Hooks  
  80  7:01  Drone x2  
  82  7:03  Overlord  
  82  7:07  Overlord  
  82  7:10  Extractor  
  82  7:11  Extractor  
  78  7:17  Overlord  
  78  7:18  Mutalisk x2  
  78  7:20  Overlord  
  78  7:22  Hatchery  
  81  7:26  Zergling x14  
  88  7:32  Hatchery, Zergling x2  
  88  7:36  Zergling x6  
  91  7:37  Drone  
  91  7:41  Overlord  
  92  7:45  Baneling  
  92  7:46  Baneling x8  
  92  7:55  Zergling x2  
  92  7:56  Drone, Zergling x6  
  92  7:57  Pneumatized Carapace  
  97  7:58  Overseer x2  
  97  8:02  Mutalisk  
  97  8:03  Mutalisk x3  
  97  8:05  Mutalisk  
  107  8:12  Hatchery  
  91  8:21  Mutalisk x2  
  91  8:24  Zergling x14  
  102  8:27  Drone  
  102  8:28  Drone x3  
  102  8:34  Overlord  
  106  8:43  Mutalisk x2  
  106  8:46  Mutalisk  
  106  8:48  Zergling x2  
  111  8:51  Drone x2  
  111  8:54  Drone  
  114  8:56  Baneling x3  
  114  9:03  Mutalisk x2  
  114  9:05  Zergling x8  
  114  9:06  Overlord, Zergling x12  
  114  9:09  Overlord  
  128  9:11  Zerg Melee Weapons Level 2  
  128  9:13  Overlord  
  128  9:18  Overlord  
  127  9:30  Mutalisk  
  127  9:31  Mutalisk x2  
  119  9:33  Zergling x4  
  119  9:34  Baneling x3  
  119  9:35  Drone  
  119  9:36  Drone, Zergling x2  
  119  9:38  Drone x6  
  129  9:41  Extractor  
  129  9:43  Zergling x2  
  134  9:46  Zerg Flyer Weapons Level 2  
  134  9:48  Zergling x10  
  139  9:55  Overlord  
  138  10:04  Zergling x2  
  138  10:05  Zergling x14  
  138  10:06  Baneling x4, Extractor  
  139  10:20  Zergling x10  
  139  10:21  Zergling x14  
  138  10:29  Baneling  
  138  10:30  Baneling x7  
  138  10:33  Zergling x2  
  137  10:37  Zergling x8  
  137  10:38  Zergling x4  
  137  10:39  Baneling  
  137  10:41  Zergling x8  
  145  10:55  Mutalisk x4  
  153  10:58  Baneling x8  
  126  11:14  Mutalisk x3  
  126  11:16  Zergling x6  
  128  11:23  Zergling x4  
  128  11:25  Zergling x2  
  131  11:32  Zergling x4  
  133  11:35  Baneling  
  133  11:36  Baneling x2, Zergling x2  
  134  11:41  Zergling x2  
  134  11:43  Hatchery  
  134  11:51  Baneling x7  
  134  11:52  Baneling x3, Zergling x6  
  134  11:53  Overseer x2  
  134  11:54  Overseer  
  137  11:55  Overlord x3  
  137  11:56  Overlord  
  125  12:14  Zergling x2  
  125  12:15  Zergling x10  
Tags
 
Add a new tag
Caveats
  • Supply blocks, unpowered buildings, or Contaminate may cause inaccurate times.
  • Supply counts are checked every 10 seconds.